 Dungeon Crawl Stone Soup version 0.27-a0-899-ge2d0b17c59 (webtiles) character file.

Game seed: 14903532725918411986

1082 rel the Sneak (level 8, -7/76 HPs)
             Began as a Kobold Berserker on Apr 4, 2021.
             Was a Priest of Trog.
             Mangled by Harold
             ... wielding a +0 flail
              (9 damage)
             ... on level 7 of the Dungeon on Apr 5, 2021.
             The game lasted 00:18:52 (8086 turns).

rel the Sneak (Kobold Berserker)                    Turns: 8086, Time: 00:18:52

Health: -7/76      AC: 10    Str: 12    XL:     8   Next: 55%
Magic:  8/8        EV:  6    Int:  9    God:    Trog [***...]
Gold:   260        SH:  5    Dex: 21    Spells: 7/7 levels left

rFire    . . .     SeeInvis .   j - +1 dagger (freeze)
rCold    . . .     Faith    .   t - +0 buckler
rNeg     . . .     Spirit   .   b - +0 plate armour of Bugruic {rCorr Str-3 Stlth+}
rPois    .         Reflect  .   (no helmet)
rElec    .         Harm     .   (no cloak)
rCorr    +         Rampage  .   (no gloves)
Will     .....                  (no boots)
Stlth    ..........             m - amulet of magic regeneration
HPRegen  0.22/turn              d - +6 ring of dexterity
MPRegen  0.36/turn              q - ring of flight

@: berserking (expiring), marked, flying, very quick
A: small, no large weapons, nightstalker 3
a: Renounce Religion, Berserk, Trog's Hand


You were on level 7 of the Dungeon.
You worshipped Trog.
Trog was most pleased with you.
You visited 1 branch of the dungeon, and saw 6 of its levels.

You collected 260 gold pieces.

Inventory:

Hand Weapons
 j - a +1 dagger of freezing (weapon)
Armour
 b - the +0 plate armour of Bugruic (worn) {rCorr Str-3 Stlth+}
   (You took it off an orc on level 6 of the Dungeon)

   It affects your strength (-3).
   It protects you from acid and corrosion.
   It makes you more stealthy.
 t - a +0 buckler (worn)
Jewellery
 d - a +6 ring of dexterity (left hand)
 m - an amulet of magic regeneration (around neck)
 q - a ring of flight (right hand)
Scrolls
 g - a scroll of identify
 r - 2 scrolls of summoning
Potions
 c - 3 potions of might
 e - 3 potions of magic
 f - 2 potions of attraction
 h - a potion of lignification {unknown}
 i - a potion of heal wounds {unknown}
 s - 3 potions of curing


   Skills:
 * Level 5.9 Fighting
 + Level 6.8 Short Blades
 + Level 1.9 Armour
 * Level 6.0 Dodging
 * Level 7.4 Stealth


You had 7 spell levels left.
You didn't know any spells.
Your spell library was empty.

Dungeon Overview and Level Annotations

Branches:
Dungeon (7/15)
 Temple: D:4-7

Altars:
Dithmenos
Fedhas
Kikubaaqudgha

Annotations:
D:7 Harold


Innate Abilities, Weirdness & Mutations

You are small and have problems with some larger weapons.
You are completely attuned to the shadows.


Message History

A red film seems to cover your vision as you go berserk!
You feel yourself moving faster!
You feel mighty! Harold hits you with a +0 flail!
You hit Harold. You freeze Harold.
Harold is lightly wounded.
You puncture Harold! You freeze Harold.
Harold is moderately wounded.
You block Harold's attack.
You hit Harold but do no damage.
Harold is moderately wounded.
You hit Harold. You freeze Harold.
Harold is moderately wounded.
Harold hits you with a +0 flail!!
You barely miss Harold.
Harold is moderately wounded.
You hit Harold. You freeze Harold.
Harold is heavily wounded.
Harold hits you with a +0 flail!
* * * LOW HITPOINT WARNING * * *
You hit Harold. You freeze Harold.
Harold is heavily wounded.
You hit Harold. You freeze Harold.
Harold is severely wounded.
Harold hits you with a +0 flail!
* * * LOW HITPOINT WARNING * * *
You are too berserk!
You hit Harold. You freeze Harold.
Harold is severely wounded.
You completely miss Harold.
Harold is severely wounded.
Harold hits you with a +0 flail.
* * * LOW HITPOINT WARNING * * *
You hit Harold. You freeze Harold.
Harold is severely wounded.
You hit Harold but do no damage.
Harold is severely wounded.
You puncture Harold! You freeze Harold.
Harold is almost dead.
Harold hits you with a +0 flail!
You die...

##.# ##.# #.#.# ##.#
#.#.# ##.# #.#.# #..
##.# #.#.# #.# #
#>###.#.# #.# .#
#.......######.##.##
#####...............
#####.##.#.@....
#.##.#..@.>#
#.##.#..#.##
#.##........
#.......# ##


You could see Harold.

Vanquished Creatures
  Pikel (D:7)
  An ogre (D:4)
  A lemure (D:7)
  2 bullfrogs
  A wyvern skeleton (D:6)
  A centaur skeleton (D:6)
  3 orc priests
  An iguana (D:6)
  3 orc wizards
  A mummy (D:6)
  5 adders
  3 worms (D:2)
  13 orcs
  2 endoplasms (D:2)
  2 giant cockroaches
  6 goblins
  4 hobgoblins
  8 jackals
  5 quokkas
  5 ball pythons
  10 bats
  5 frilled lizards
  2 goblin zombies (D:6)
  A jackal skeleton (D:4)
  7 kobolds
  10 rats
103 creatures vanquished.

Notes
Turn   | Place    | Note
-------+----------+-------------------------------------------
     0 | D:1      | rel the Kobold Berserker began the quest for the Orb.
     0 | D:1      | Reached XP level 1. HP: 14/14 MP: 1/1
   990 | D:1      | Reached XP level 2. HP: 19/19 MP: 2/2
  1352 | D:1      | Found a faded altar of an unknown god.
  1475 | D:1      | Reached skill level 1 in Stealth
  1502 | D:1      | Reached XP level 3. HP: 21/23 MP: 3/3
  2379 | D:2      | Reached ** piety under Trog
  2380 | D:2      | Reached skill level 2 in Stealth
  2725 | D:2      | Reached XP level 4. HP: 22/28 MP: 4/4
  2806 | D:2      | Noticed a bullfrog
  2815 | D:2      | Killed a bullfrog
  2816 | D:2      | Reached skill level 3 in Stealth
  2816 | D:2      | Reached XP level 5. HP: 33/33 MP: 5/5
  2980 | D:3      | Found a shadowy altar of Dithmenos.
  3023 | D:3      | Reached skill level 5 in Short Blades
  3023 | D:3      | Reached skill level 4 in Stealth
  3171 | D:3      | Reached XP level 6. HP: 38/38 MP: 6/6
  3547 | D:3      | Found a blossoming altar of Fedhas.
  4197 | D:4      | Reached skill level 5 in Stealth
  4397 | D:4      | Reached *** piety under Trog
  4425 | D:4      | Noticed an ogre
  4427 | D:4      | Killed an ogre
  4428 | D:4      | Reached XP level 7. HP: 44/44 MP: 7/7
  4642 | D:4      | Found an ancient bone altar of Kikubaaqudgha.
  4767 | D:4      | You fall into a shaft and drop 2 floors!
  5168 | D:6      | Reached skill level 6 in Stealth
  5351 | D:6      | Identified the +0 plate armour of Bugruic {rCorr Str-3
                  | Stlth+}
  5354 | D:6      | Reached skill level 5 in Dodging
  5817 | D:6      | Reached skill level 5 in Fighting
  7661 | D:7      | Noticed Pikel
  7676 | D:7      | Killed Pikel
  7677 | D:7      | Reached skill level 7 in Stealth
  7677 | D:7      | Reached XP level 8. HP: 14/51 MP: 8/8
  8064 | D:7      | Noticed Harold
  8065 | D:7      | Upgraded the game from 0.27-a0-887-gcab673c142 to
                  | 0.27-a0-899-ge2d0b17c59
  8083 | D:7      | HP: 1/76 [Harold/+0 flail (6)]
  8086 | D:7      | Mangled by Harold

Illustrated notes

Levels and vault maps discovered:
D:1:      sevenhm_arrival_forest_fort_small_5, layout_basic,
          basic_ecumenical_altar
D:2:      layout_loops_ring, kennysheep_generic_room_2
D:3:      layout_loops_ring, lemuel_doored_altar,
          grunt_dithmenos_smoke_and_mirrors
D:4:      layout_cave_pools, grunt_temple_overflow_open
D:6:      layout_loops_corners, nicolae_ossuary_entry_giza, minivault_26
D:7:      layout_loops_corners, minmay_temple_entry_waves, uniq_pikel,
          uniq_harold

Skill      XL: |  1  2  3  4  5  6  7 |
---------------+----------------------+-----
Dodging        | 3 4 6 |  6.0
Stealth        | 1 2 3 4 5 7 |  7.4
Short Blades   | 5 6 |  6.8
Fighting       | 4 5 |  5.9
Armour         | |  1.9

Action                   |  1- 3 |  4- 6 |  7- 9 || total
-------------------------+-------+-------+-------++-------
Melee: Short sword       |   100 |       |       ||   100
       Dagger            |    19 |    86 |   141 ||   246
Invok: Berserk           |     2 |     3 |     5 ||    10
  Use: Scroll            |       |     3 |     9 ||    12
 Stab: Sleeping          |    13 |     9 |     4 ||    26
Armor: Animal skin       |    16 |    14 |     7 ||    37
       Plate armour      |       |       |     5 ||     5
       Leather armour    |       |       |     1 ||     1
Dodge: Dodged            |    77 |    67 |    64 ||   208
Block: Buckler           |       |       |     5 ||     5

Table legend: (Time is in decaauts)
 A = Elapsed time spent in this place.
 B = Non-inter-level travel time spent in this place.
 C = Inter-level travel time spent in this place.
 D = Time resting spent in this place.
 E = Time spent auto-exploring this place.
 F = Levels seen in this place.
 G = Mean time per level.
                   A        B        C        D        E       F      G
               +--------+--------+--------+--------+--------+-----+--------+
         Total |   8103 |   8035 |     68 |   2464 |   4088 |   6 | 1350.5 |
       Dungeon |   8103 |   8035 |     68 |   2464 |   4088 |   6 | 1350.5 |
               +--------+--------+--------+--------+--------+-----+--------+

Top non-repeatable levels by time:
     D:6: 2855 daAuts
     D:1: 1897 daAuts
     D:3: 1216 daAuts
     D:2: 1058 daAuts
     D:4: 604 daAuts
     D:7: 471 daAuts
